 Seeded DCSS version 0.30-a0-920-g7493c07aab (webtiles) character file.

Game seed: 4654109542174074001 (custom seed)

0 DiggyJ the Conjurer (level 1, 11/12 HPs)
             Began as an Octopode Conjurer on Mar 21, 2023.
             Quit the game on level 1 of the Dungeon.
             The game lasted 00:00:43 (92 turns).

DiggyJ the Conjurer (Octopode Conjurer)               Turns: 92, Time: 00:00:44

Health: 11/12      AC:  3    Str:  6    XL:     1   Next: 10%
Magic:  3/3        EV: 13    Int: 20    God:
Gold:   19         SH:  0    Dex: 10    Spells: 3/4 levels left

rFire   . . .      SeeInvis .    (no weapon)
rCold   . . .      Faith    .    (no shield)
rNeg    . . .      Spirit   .    (helmet restricted)
rPois   .          Reflect  .    (no amulet)
rElec   .          Rampage  .    (no ring)
rCorr   .                        (no ring)
Will    .....                    (no ring)
Stlth   +++                      (no ring)
HPRegen 0.22/turn                (no ring)
MPRegen 0.08/turn                (no ring)
                                 (no ring)
                                 (no ring)

@: no status effects
A: almost no armour, amphibious, 8 rings, camouflage 1, gelatinous body 1,
(nimble swimmer 1), tentacles, iridescent scales 1, low MP 1, robust 1
a: no special abilities


You were on level 1 of the Dungeon.
You visited 1 branch of the dungeon, and saw 1 of its levels.

You collected 19 gold pieces.

Inventory:

Jewellery
 c - an amulet of regeneration
Scrolls
 b - a scroll of vulnerability {unknown}
Potions
 a - a potion of magic
 d - a potion of brilliance {unknown}


   Skills:
 + Level 2.0 Dodging
 + Level 2.8 Stealth
 + Level 2.0 Spellcasting
 + Level 4.0 Conjurations


You had 3 spell levels left.
You knew the following spells:

 Your Spells              Type           Power      Damage    Failure   Level
a - Magic Dart            Conj           72%        1d6       3%          1

Your spell library contained the following spells:

 Spells                   Type           Power      Damage    Failure   Level
 Searing Ray              Conj           36%        2d5       4%          2
 Dazzling Flash           Conj/Hex       20%        N/A       21%         3
 Fulminant Prism          Conj/Hex       5%         3d7       56%         4
 Iskenderun's Mystic Bla  Conj/Tloc      10%        2d4       56%         4


Dungeon Overview and Level Annotations

Branches:
Dungeon (1/15)

Altars:


Innate Abilities, Weirdness & Mutations

You cannot wear most types of armour.
You are amphibious.
You can wear up to eight rings at the same time.
Your skin changes colour to match your surroundings (Stealth+).
Your rubbery body absorbs attacks. (AC +1, EV +1)
((You are camouflaged when in or above water. (Stealth+)))
You have tentacles for arms and can constrict up to eight enemies at once.
You are partially covered in iridescent scales. (AC +2)
Your magical capacity is low. (-10% MP)
You are robust. (+10% HP)


Message History

Welcome, DiggyJ the Octopode Conjurer.
Game seed: 4654109542174074001 (custom seed) Press ? for a list of commands and other information.
Found 11 gold pieces and a scroll labelled FURRIS MUUS.
Found a staircase leading out of the dungeon.
Found 3 poisoned darts.
You now have 11 gold pieces.
b - a scroll labelled FURRIS MUUS
Found 8 gold pieces.
You now have 19 gold pieces (gained 8).
c - an amulet of regeneration
Found 4 stones.
You see here 4 stones.
You open the door.
Found a yellow potion.
Found two stone staircases leading down.
There is an open door here.
d - a yellow potion You open the door.
Found a sedimented yellow potion.
There is an open door here.
A bat comes into view.
The bat closely misses you.
You see here a sedimented yellow potion.
You tentacle-slap the bat. You grab the bat.
The bat is severely wounded.
You constrict the bat.
You kill the bat!
e - a sedimented yellow potion It was a potion of mutation.
You feel extremely strange.
You feel less energetic.
Iridescent scales grow over part of your body.
You feel robust.
Unknown command.
Are you sure you want to abandon this character and quit the game? (Confirm with "yes".)

#####.....#.......>.#
≈≈≈~P....###.......##
≈≈~P.##.## ##.....##
≈~P..# .# ##...##
~P...# .# ##'#......
P....##.# #.#.#####
....... #.#.# .....#.
##.#.##### .......
#.†@.....# .....##
#.....###.... .....#
.........# . P....#
##.###..... ~P...# ##
##.#### ~~P..# #.#
≈~~P... ..# ≈≈~~P#.
.##


There were no monsters in sight!

Vanquished Creatures
  A bat (D:1)
1 creature vanquished.

Notes
Turn   | Place    | Note
-------+----------+-------------------------------------------
     0 | D:1      | DiggyJ the Octopode Conjurer began the quest for the Orb.
     0 | D:1      | Reached XP level 1. HP: 11/11 MP: 3/3
    91 | D:1      | Gained mutation: Your magical capacity is low. (-10% MP)
                  | [potion of mutation]
    91 | D:1      | Gained mutation: You are partially covered in iridescent
                  | scales. (AC +2) [potion of mutation]
    91 | D:1      | Gained mutation: You are robust. (+10% HP) [potion of
                  | mutation]
    92 | D:1      | Quit the game

Illustrated notes

Levels and vault maps discovered:
D:1:      eino_arrival_druids_welcome, layout_loops_corners, serial_shops, shop,
          st_stairs_5

Action                     || total
---------------------------++-------
  Melee: Unarmed           ||     1
         Constrict         ||     1
    Use: Potion            ||     1
  Dodge: Dodged            ||     1

Table legend: (Time is in decaauts)
 A = Elapsed time spent in this place.
 B = Non-inter-level travel time spent in this place.
 C = Inter-level travel time spent in this place.
 D = Time resting spent in this place.
 E = Time spent auto-exploring this place.
 F = Levels seen in this place.
 G = Mean time per level.
                   A        B        C        D        E       F      G
               +--------+--------+--------+--------+--------+-----+--------+
         Total |     92 |     92 |      0 |      0 |      0 |   1 |   92.0 |
       Dungeon |     92 |     92 |      0 |      0 |      0 |   1 |   92.0 |
               +--------+--------+--------+--------+--------+-----+--------+

Top non-repeatable levels by time:
     D:1: 92 daAuts
